 Dungeon Crawl Stone Soup version 0.31-a0-1549-g5ff9445e89 (webtiles) character file.

Game seed: 11586414655075184813

17 innerfire43 the Ruffian (level 2, -1/24 HPs)
             Began as a Demonspawn Wanderer on Jan 2, 2024.
             Slain by a hobgoblin (2 damage)
             ... on level 1 of the Dungeon.
             The game lasted 00:00:46 (269 turns).

innerfire43 the Ruffian (Demonspawn Wanderer)        Turns: 269, Time: 00:00:47

Health: -1/24      AC:  3    Str: 18    XL:     2   Next: 44%
Magic:  2/2        EV: 11    Int:  9    God:
Gold:   15         SH:  0    Dex:  9    Spells: 1/1 levels left

rFire   . . .        a - +1 mace
rCold   . . .        (no shield)
rNeg    . . .        e - +0 leather armour
rPois   .            (no helmet)
rElec   .            (no cloak)
rCorr   .            (no gloves)
SInv    .            (no boots)
Will    .....        (no amulet)
Stlth   +            (no ring)
HPRegen 0.24/turn    (no ring)
MPRegen 0.08/turn

%: no passive effects
@: no status effects
A: demonic touch 1
a: no special abilities


You were on level 1 of the Dungeon.
You visited 1 branch of the dungeon, and saw 2 of its levels.

You collected 15 gold pieces.

Inventory:

Hand Weapons
 a - a +1 mace (weapon)
Armour
 e - a +0 leather armour (worn)
Jewellery
 h - a +6 ring of strength
Scrolls
 d - a scroll of teleportation
 f - a scroll of identify {unknown}
Potions
 b - a potion of berserk rage
 c - a potion of heal wounds
 g - a potion of brilliance {unknown}


   Skills:
 + Level 3.2 Fighting
 * Level 2.3 Maces & Flails
 + Level 1.3 Armour
 - Level 3.6 Unarmed Combat


You had one spell level left.
You didn't know any spells.
Your spell library was empty.

Dungeon Overview and Level Annotations

Branches:
Dungeon (2/15)

Altars:


Innate Abilities, Weirdness & Mutations

Your touch may inflict minor irresistible damage on your foes.


Message History

The kobold barely misses you. The jackal attacks as it pursues you!
The jackal closely misses you. x2
The jackal barely misses you.
The jackal bites you but does no damage.
The kobold misses you.
There is an escape hatch in the ceiling here.
The jackal closely misses you. The jackal bites you.
The kobold barely misses you. A mysterious force pulls you upwards.
The hatch slams shut behind you.
The goblin shouts!
The hobgoblin shouts!
Found a ring mail.
Found a stone staircase leading down.
You barely miss the jackal. Your touch misses the jackal.
The jackal misses you.
The jackal bites you but does no damage.
The jackal barely misses you. x2; The kobold barely misses you.
You hit the jackal.
You touch the jackal.
You kill the jackal!
The jackal bites you but does no damage.
The kobold hits you with a +0 whip. The jackal bites you.
The kobold barely misses you. The hobgoblin closely misses you.
The jackal barely misses you.
You see here a jackal corpse.
You hit the hobgoblin. Your touch misses the hobgoblin.
The hobgoblin is heavily wounded.
The jackal bites you. The kobold misses you.
The hobgoblin completely misses you.
The jackal bites you but does no damage.
You closely miss the hobgoblin. Your touch misses the hobgoblin.
The hobgoblin is heavily wounded.
The jackal bites you.
* * * LOW HITPOINT WARNING * * *
The kobold barely misses you. The goblin hits you with a +0 dagger.
* * * LOW HITPOINT WARNING * * *
The hobgoblin hits you.
* * * LOW HITPOINT WARNING * * *
The jackal bites you but does no damage.
The kobold hits you with a +0 whip.
* * * LOW HITPOINT WARNING * * *
The goblin completely misses you. The hobgoblin hits you.
You die...

#........# #........#
#........# >........#
.....[...# #.....%$..#
#......gg.#
####...$..K@h#
#............# #
#.........)..# #
#............# ##
#.......###### .###
#.### ...##
##.############ ##..#
#.............#
###.####.......#####.#


You could see a jackal, a hobgoblin, a goblin and a kobold.

Vanquished Creatures
  A dart slug (D:1)
  2 bats (D:1)
  3 hobgoblins
  5 jackals
  2 rats (D:1)
13 creatures vanquished.

Notes
Turn   | Place    | Note
-------+----------+-------------------------------------------
     0 | D:1      | innerfire43 the Demonspawn Wanderer began the quest for the
                  | Orb.
     0 | D:1      | innerfire43 set off with the following items: a +1 mace, a
                  | potion of berserk rage, a potion of heal wounds, a scroll
                  | of teleportation, a +0 leather armour.
     0 | D:1      | Reached XP level 1. HP: 18/18 MP: 1/1
   150 | D:1      | Gained mutation: Your touch may inflict minor irresistible
                  | damage on your foes. [demonic ancestry]
   150 | D:1      | Reached XP level 2. HP: 22/24 MP: 2/2
   226 | D:1      | You fall into a shaft and drop 1 floor!
   269 | D:1      | HP: 1/24 [kobold/+0 whip (3)]
   269 | D:1      | Slain by a hobgoblin

Illustrated notes

Levels and vault maps discovered:
D:1:      shiori_arrival_elements, layout_basic, serial_shops,
          nicolae_shop_bloodbath_and_beyond
D:2:      kennysheep_the_goblin_king, layout_rooms, uniq_crazy_yiuf_cottage

Skill      XL: |  1 |
---------------+----+-----
Maces & Flails | 2 |  2.3
Fighting       | |  3.2
Armour         | |  1.3
Unarmed Combat | |  3.6

Action                     || total
---------------------------++-------
  Melee: Mace              ||    38
         Touch             ||     4
         Punch             ||     1
 Armour: Leather armour    ||    53
  Dodge: Dodged            ||    57

Table legend: (Time is in decaauts)
 A = Elapsed time spent in this place.
 B = Non-inter-level travel time spent in this place.
 C = Inter-level travel time spent in this place.
 D = Time resting spent in this place.
 E = Time spent auto-exploring this place.
 F = Levels seen in this place.
 G = Mean time per level.
                   A        B        C        D        E       F      G
               +--------+--------+--------+--------+--------+-----+--------+
         Total |    279 |    279 |      0 |      0 |    176 |   2 |  139.5 |
       Dungeon |    279 |    279 |      0 |      0 |    176 |   2 |  139.5 |
               +--------+--------+--------+--------+--------+-----+--------+

Top non-repeatable levels by time:
     D:1: 239 daAuts
     D:2: 39 daAuts
